 Dungeon Crawl Stone Soup version 0.32-a0-42-ga30500b4d3 (webtiles) character file.

Game seed: 4470648924736924547

147 Dirtsage the Changeling (level 5, -1/34 HPs)
             Began as an Octopode Shapeshifter on Jan 27, 2024.
             Slain by a gnoll sergeant
             ... wielding a +0 spear
              (9 damage)
             ... on level 3 of the Dungeon.
             The game lasted 00:03:12 (1717 turns).

Dirtsage the Changeling (Octopode Shapeshifter)     Turns: 1717, Time: 00:03:12

Health: -1/34      AC:  1    Str: 13    XL:     5   Next: 29%
Magic:  5/5        EV: 13    Int: 13    God:
Gold:   141        SH:  0    Dex: 13    Spells: 4/4 levels left

rFire   . .          .
                       - Unarmed
rCold   . . .        (no shield)
rNeg    . . .        (helmet currently unavailable)
rPois   .            (no amulet)
rElec   .            (no ring)
rCorr   .            (no ring)
SInv    .            (no ring)
Will    .....        (no ring)
Stlth   ++           (no ring)
HPRegen 0.25/turn    (no ring)
MPRegen 0.09/turn    (no ring)
                     (no ring)

%: no passive effects
@: beast-form
A: beast (slay +2), almost no armour, amphibious, 8 rings, camouflage 1,
gelatinous body 1, (nimble swimmer 1), tentacles
a: Begin Untransformation


You were on level 3 of the Dungeon.
You were a hulking beast.
You visited 1 branch of the dungeon, and saw 3 of its levels.

You collected 141 gold pieces.

Inventory:

Talismans
 b - a beast talisman
 c - a flux talisman
 e - a granite talisman
Scrolls
 i - a scroll of acquirement {unknown}
 j - 2 scrolls of identify {unknown}
 k - a scroll of enchant armour {unknown}
 m - a scroll of teleportation {unknown}
Potions
 a - a potion of lignification
 d - a potion of attraction {unknown}
 f - a potion of resistance {unknown}
 g - a potion of brilliance {unknown}
 h - a potion of mutation {unknown}
 l - a potion of curing {unknown}
 n - a potion of ambrosia {unknown}
 o - a potion of haste {unknown}


   Skills:
 + Level 2.2 Fighting
 + Level 2.9 Dodging
 + Level 3.7 Unarmed Combat
 * Level 4.1 Shapeshifting


You had 4 spell levels left.
You didn't know any spells.
Your spell library contained the following spells:

 Spells                   Type           Power      Damage    Failure   Level
 Freeze                   Ice            0%         1d3       30%         1
 Sublimation of Blood     Necr           0%         N/A       43%         2
 Frozen Ramparts          Ice            0%         1d1       67%         3
 Hailstorm                Conj/Ice       0%         3d5       67%         3
 Petrify                  Alch/Erth      0%         N/A       97%         4
 Irradiate                Conj/Alch      0%         3d11      100%        5


Dungeon Overview and Level Annotations

Branches:
Dungeon (3/15)

Altars:
Vehumet


Innate Abilities, Weirdness & Mutations

You are a hulking beast.
Your limbs bulge with bestial killing power. (Slay +2)
You cannot wear most types of armour.
You are amphibious.
You can wear up to eight rings at the same time.
Your skin changes colour to match your surroundings (Stealth+).
Your rubbery body absorbs attacks. (AC +1, EV +1)
((You are camouflaged when in or above water. (Stealth+)))
You have tentacles for arms and can constrict up to eight enemies at once.


Message History

You grab the giant cockroach. You squeeze the giant cockroach.
You kill the giant cockroach!
No target in view!
No target in view!
You now have 141 gold pieces (gained 14).
You see here a giant cockroach corpse.
A gnoll comes into view. It is wielding a +0 club.
The gnoll shouts!
You completely miss the gnoll. You grab the gnoll. You squeeze the gnoll!
You kill the gnoll!
You see here a +0 club.
A kobold comes into view. It is wielding a +0 whip.
The helpless kobold fails to defend itself.
You tentacle-slap the kobold. Your grab misses the kobold.
The kobold is severely wounded.
The kobold hits you with a +0 whip.
You take 5 damage, and have 29/34 hp.
You tentacle-slap the kobold.
You kill the kobold!
A gnoll sergeant is nearby!
Things that are here:
a +0 whip; 2 stones The gnoll sergeant shouts!
You tentacle-slap the gnoll sergeant but do no damage.
Your grab misses the gnoll sergeant.
You squeeze the gnoll sergeant, but do no damage.
The gnoll sergeant hits you with a +0 spear!
You take 13 damage, and have 19/34 hp.
MASSIVE DAMAGE!!
You tentacle-slap the gnoll sergeant. You grab the gnoll sergeant.
You squeeze the gnoll sergeant, but do no damage.
The gnoll sergeant is moderately wounded.
You constrict the gnoll sergeant, but do no damage.
The gnoll sergeant hits you with a +0 spear!
* * * LOW HITPOINT WARNING * * *
You take 11 damage, and have 8/34 hp.
MASSIVE DAMAGE!!
You tentacle-slap the gnoll sergeant but do no damage.
The gnoll sergeant is moderately wounded.
You constrict the gnoll sergeant, but do no damage.
The gnoll sergeant hits you with a +0 spear!
You die...

### ..# #.# ..# ##.# ..# #.#
....). #)# ..... ####h# .....
#..g.# ...#. #.#### #.##. #.#
##########.##. ## #)#
####........#.##. .############.#
#........#..#.##.
#...##..<...>.###.##..##.#..#...†
##................##..#..........
#.#.##.#####.#######..#.##..##.##


You could see a gnoll sergeant.

Vanquished Creatures
  4 gnolls (D:3)
  4 adders
  2 ribbon worms (D:2)
  11 orcs (D:3)
  5 ball pythons
  5 bats
  6 endoplasms
  4 giant cockroaches
  2 goblins
  3 hobgoblins (D:1)
  A quokka (D:1)
  3 frilled lizards
  5 kobolds
  2 rats
57 creatures vanquished.

Notes
Turn   | Place    | Note
-------+----------+-------------------------------------------
     0 | D:1      | Dirtsage the Octopode Shapeshifter began the quest for the
                  | Orb.
     0 | D:1      | Reached XP level 1. HP: 13/13 MP: 1/1
   169 | D:1      | Found a faded altar of an unknown god.
   199 | D:1      | Reached XP level 2. HP: 17/18 MP: 2/2
   543 | D:2      | Reached XP level 3. HP: 18/23 MP: 3/3
   617 | D:2      | Found a radiant altar of Vehumet.
   825 | D:2      | Reached XP level 4. HP: 16/29 MP: 4/4
  1036 | D:2      | You fall into a shaft and drop 1 floor!
  1185 | D:3      | Noticed a gnoll sergeant
  1438 | D:3      | Reached skill level 4 in Shapeshifting
  1587 | D:3      | Reached XP level 5. HP: 27/34 MP: 5/5
  1717 | D:3      | Slain by a gnoll sergeant

Illustrated notes

Levels and vault maps discovered:
D:1:      amcnicky_arrival_flooded_fountain, layout_rooms,
          shapermc_ecumenical_altar_starsandcircs
D:2:      layout_rooms, basic_altar, minmay_misc_feat_ornament
D:3:      layout_loops_cross

Skill      XL: |  1  2  3  4 |
---------------+-------------+-----
Fighting       | 2 |  2.2
Shapeshifting  | 4 |  4.1
Dodging        | |  2.9
Unarmed Combat | |  3.7

Action                     |  1- 3 |  4- 6 || total
---------------------------+-------+-------++-------
  Melee: Unarmed           |    54 |    59 ||   113
         Tentacles         |     8 |    16 ||    24
         Constrict         |    10 |    18 ||    28
         Punch             |       |     2 ||     2
   Stab: Sleeping          |     6 |     4 ||    10
         Distracted        |       |     1 ||     1
 Armour: Skin              |    16 |    15 ||    31
  Dodge: Dodged            |    22 |    18 ||    40

Table legend: (Time is in decaauts)
 A = Elapsed time spent in this place.
 B = Non-inter-level travel time spent in this place.
 C = Inter-level travel time spent in this place.
 D = Time resting spent in this place.
 E = Time spent auto-exploring this place.
 F = Levels seen in this place.
 G = Mean time per level.
                   A        B        C        D        E       F      G
               +--------+--------+--------+--------+--------+-----+--------+
         Total |   1710 |   1641 |     69 |      0 |   1274 |   3 |  570.0 |
       Dungeon |   1710 |   1641 |     69 |      0 |   1274 |   3 |  570.0 |
               +--------+--------+--------+--------+--------+-----+--------+

Top non-repeatable levels by time:
     D:2: 681 daAuts
     D:3: 541 daAuts
     D:1: 487 daAuts
